PAA
RICHLAND RAILS @ MERCER ISLAND SCREAMING EAGLES
09/22/2029
 
TOP OF THE 1ST
Richland Rails batting - Pitching for Mercer Island Screaming Eagles : LHP Mario López
Pitching: LHP Mario López
Batting: RHB Christian Gentry 0-0: Foul Ball, location: 2F
0-1: Fly out, F7 (Line Drive, 7)
Batting: RHB Michael Bradshaw 0-0: Ball
1-0: Foul Ball, location: 2F
1-1: Ball
2-1: Swinging Strike
2-2: Ball
3-2: SINGLE (Line Drive, 89S)
Batting: RHB Alexandre Keeping 0-0: Called Strike
0-1: Called Strike
0-2: Ball
1-2: Grounds into double play, 6-4-3 (Groundball, 56)
Top of the 1st over - 0 runs, 1 hit, 0 errors, 0 left on base; Richland 0 - Mercer Island 0
BOTTOM OF THE 1ST
Mercer Island Screaming Eagles batting - Pitching for Richland Rails : RHP Russ Melton
Pitching: RHP Russ Melton
Batting: LHB Jacob Herman 0-0: Foul Ball, location: 2F
0-1: Ball
1-1: Bunt missed!
1-2: Foul Ball, location: 2F
1-2: Ball
2-2: Ball
3-2: Foul Ball, location: 2F
3-2: Base on Balls
Batting: RHB Jeffery Campbell 0-0: Ball
1-0: Ball
2-0: Called Strike
2-1: Foul Ball, location: 2F
2-2: Fly out, F4 (Popup, 4D)
Batting: RHB Logan Cole 0-0: Swinging Strike
0-1: Ball
1-1: Swinging Strike
1-2: Foul Ball, location: 2F
1-2: Ball
2-2: Strikes out swinging
Batting: SHB Ray Davis 0-0: Called Strike
0-1: Reached on error, E2 (Groundball, 2L)
Jacob Herman to third
Batting: RHB Bastiaan Trommel 0-0: Foul Ball, location: 2F
0-1: Ball
1-1: Swinging Strike
1-2: Strikes out swinging
Bottom of the 1st over - 0 runs, 0 hits, 1 error, 2 left on base; Richland 0 - Mercer Island 0
TOP OF THE 2ND
Richland Rails batting - Pitching for Mercer Island Screaming Eagles : LHP Mario López
Batting: RHB Scott Ramsey 0-0: SOLO HOME RUN (Flyball, 7LD), Distance : 375 ft
Batting: SHB Jorge Colón 0-0: Swinging Strike
0-1: Swinging Strike
0-2: Ball
1-2: Strikes out looking
Batting: LHB Orlando Casillas 0-0: Called Strike
0-1: Foul Ball, location: 2F
0-2: Strikes out swinging
Batting: RHB Leon Carlisle 0-0: Foul Ball, location: 2F
0-1: Ball
1-1: Fly out, F7 (Flyball, 7)
Top of the 2nd over - 1 run, 1 hit, 0 errors, 0 left on base; Richland 1 - Mercer Island 0
BOTTOM OF THE 2ND
Mercer Island Screaming Eagles batting - Pitching for Richland Rails : RHP Russ Melton
Batting: SHB Silas Floyd 0-0: Ball
1-0: Called Strike
1-1: Ball
Error on foul ball, E7
2-2: Ball
3-2: Base on Balls
Batting: LHB Jorge Pérez 0-0: Ball
1-0: Swinging Strike
1-1: Fly out, F8 (Flyball, 8RM)
Batting: RHB Giobbe Bastedo 0-0: SINGLE (Groundball, 6) (infield hit)
Silas Floyd to second
Batting: RHB Stanley van de Ven 0-0: Called Strike
Silas Floyd steals 3rd base
Giobbe Bastedo to second
0-1: SINGLE (Line Drive, 34D)
Silas Floyd scores
Giobbe Bastedo to third
Runner from 3rd tries for Home, throw and OUT!
Batting: LHB Jacob Herman 0-0: Ball
1-0: Ball
2-0: Ball
3-0: Called Strike
3-1: Foul Ball, location: 2F
3-2: Foul Ball, location: 2F
3-2: Base on Balls
Stanley van de Ven to second
Batting: RHB Jeffery Campbell 0-0: Fly out, F7 (Line Drive, 7)
Bottom of the 2nd over - 1 run, 2 hits, 1 error, 2 left on base; Richland 1 - Mercer Island 1
TOP OF THE 3RD
Richland Rails batting - Pitching for Mercer Island Screaming Eagles : LHP Mario López
Batting: LHB Alistair Mix 0-0: DOUBLE (Flyball, 78D)
Batting: RHB León Preciado 0-0: Called Strike
0-1: Ball
1-1: Foul Ball, location: 2F
1-2: Strikes out looking
Batting: RHB Christian Gentry 0-0: Ball
1-0: Called Strike
1-1: Foul Ball, location: 2F
1-2: Foul Ball, location: 2F
1-2: Ball
2-2: Fly out, F3 (Popup, 34)
Batting: RHB Michael Bradshaw 0-0: Called Strike
0-1: Called Strike
0-2: Ball
1-2: Foul Ball, location: 2F
1-2: Foul Ball, location: 2F
1-2: Ball
2-2: Ball
3-2: Fly out, F8 (Line Drive, 8RD)
Top of the 3rd over - 0 runs, 1 hit, 0 errors, 1 left on base; Richland 1 - Mercer Island 1
BOTTOM OF THE 3RD
Mercer Island Screaming Eagles batting - Pitching for Richland Rails : RHP Russ Melton
Batting: RHB Logan Cole 0-0: Called Strike
0-1: Ground out 6-3 (Groundball, 6S)
Batting: SHB Ray Davis 0-0: Ball
1-0: Ball
2-0: Ball
3-0: Called Strike
3-1: Base on Balls
Batting: RHB Bastiaan Trommel 0-0: Swinging Strike
0-1: SINGLE (Groundball, 6D)
Ray Davis to second
Batting: SHB Silas Floyd 0-0: Fielders Choice at 2nd, 3-6 (Groundball, 3)
Ray Davis to third
Batting: LHB Jorge Pérez 0-0: Called Strike
0-1: SINGLE (Groundball, 56D)
Ray Davis scores
Silas Floyd to second
Batting: RHB Giobbe Bastedo 0-0: Ball
1-0: Ball
2-0: Foul Ball, location: 2F
2-1: Ball
3-1: Base on Balls
Silas Floyd to third
Jorge Pérez to second
Batting: RHB Stanley van de Ven 0-0: Called Strike
0-1: Foul Ball, location: 2F
0-2: Ball
1-2: Foul Ball, location: 2F
1-2: TRIPLE (Flyball, 8LXD)
Silas Floyd scores
Jorge Pérez scores
Giobbe Bastedo scores
Batting: LHB Jacob Herman 0-0: Foul Ball, location: 2F
0-1: Foul Ball, location: 2F
0-2: Strikes out swinging
Bottom of the 3rd over - 4 runs, 3 hits, 0 errors, 1 left on base; Richland 1 - Mercer Island 5
TOP OF THE 4TH
Richland Rails batting - Pitching for Mercer Island Screaming Eagles : LHP Mario López
Batting: RHB Alexandre Keeping 0-0: Called Strike
0-1: Swinging Strike
0-2: Ball
1-2: Ground out 5-3 (Groundball, 56)
Batting: RHB Scott Ramsey 0-0: Called Strike
0-1: Called Strike
0-2: Foul Ball, location: 2F
0-2: Ball
1-2: Foul Ball, location: 2F
1-2: DOUBLE (Flyball, 8LXD)
Batting: SHB Jorge Colón 0-0: Called Strike
0-1: Ball
1-1: Ball
2-1: Called Strike
2-2: Ball
3-2: Strikes out looking
Batting: LHB Orlando Casillas 0-0: Ball
1-0: Ball
2-0: Ball
Passed Ball!
Scott Ramsey to third
3-0: Called Strike
3-1: Base on Balls
Batting: RHB Leon Carlisle 0-0: Fly out, F7 (Flyball, 7)
Top of the 4th over - 0 runs, 1 hit, 0 errors, 2 left on base; Richland 1 - Mercer Island 5
BOTTOM OF THE 4TH
Mercer Island Screaming Eagles batting - Pitching for Richland Rails : RHP Russ Melton
Batting: RHB Jeffery Campbell 0-0: Ball
1-0: SINGLE (Groundball, 6MD)
Batting: RHB Logan Cole 0-0: Ground out 5-3 (Groundball, 56S)
Jeffery Campbell to second
Batting: SHB Ray Davis 0-0: Foul Ball, location: 2F
0-1: Called Strike
0-2: Strikes out looking
Batting: RHB Bastiaan Trommel 0-0: Called Strike
0-1: Ball
1-1: Fly out, F6 (Line Drive, 6)
Bottom of the 4th over - 0 runs, 1 hit, 0 errors, 1 left on base; Richland 1 - Mercer Island 5
TOP OF THE 5TH
Richland Rails batting - Pitching for Mercer Island Screaming Eagles : LHP Mario López
Batting: LHB Alistair Mix 0-0: SOLO HOME RUN (Flyball, 9D), Distance : 397 ft
Batting: RHB León Preciado 0-0: Swinging Strike
0-1: Called Strike
0-2: Foul Ball, location: 2F
0-2: Foul Ball, location: 2F
0-2: Foul Ball, location: 2F
0-2: Ball
1-2: SINGLE (Line Drive, 34)
Batting: RHB Christian Gentry 0-0: Called Strike
0-1: Ball
1-1: Bunt missed!
1-2: Ball
2-2: Foul Ball, location: 2F
2-2: Fielders Choice at 2nd, 1-6 (Groundball, 13)
Batting: RHB Michael Bradshaw 0-0: Swinging Strike
0-1: Ball
1-1: Ball
2-1: Foul Ball, location: 2F
2-2: Foul Ball, location: 2F
2-2: Ground out 5-3 (Groundball, 56S)
Christian Gentry to second
Batting: RHB Alexandre Keeping 0-0: Foul Ball, location: 2F
0-1: Ground out 1-3 (Groundball, 13)
Top of the 5th over - 1 run, 2 hits, 0 errors, 1 left on base; Richland 2 - Mercer Island 5
BOTTOM OF THE 5TH
Mercer Island Screaming Eagles batting - Pitching for Richland Rails : RHP Russ Melton
Batting: SHB Silas Floyd 0-0: Ball
1-0: Foul Ball, location: 2F
1-1: Foul Ball, location: 2F
1-2: Foul Ball, location: 2F
1-2: Foul Ball, location: 2F
1-2: Ball
2-2: SINGLE (Line Drive, 34D)
Batting: LHB Jorge Pérez 0-0: Ball
1-0: Foul Ball, location: 2F
1-1: Foul Ball, location: 2F
1-2: SINGLE (Line Drive, 9LS)
Silas Floyd to second
Pitching: LHP Matt Crowley
Batting: RHB Giobbe Bastedo 0-0: Ball
Wild Pitch!
Silas Floyd to third
Jorge Pérez to second
1-0: Intentional Walk
Batting: RHB Stanley van de Ven 0-0: Ball
1-0: Called Strike
1-1: Foul Ball, location: 2F
1-2: SINGLE (Line Drive, 8LS)
Silas Floyd scores
Jorge Pérez to third
Giobbe Bastedo to second
Batting: LHB Jacob Herman 0-0: Foul Ball, location: 2F
0-1: Called Strike
0-2: Ball
1-2: Fielders Choice at 2nd, 3-6 (Groundball, 34)
Jorge Pérez scores
Giobbe Bastedo to third
Batting: RHB Jeffery Campbell 0-0: Ball
1-0: Foul Ball, location: 2F
1-1: Foul Ball, location: 2F
1-2: Ball
2-2: Ball
3-2: Foul Ball, location: 2F
3-2: Base on Balls
Jacob Herman to second
Batting: RHB Logan Cole 0-0: Called Strike
0-1: Swinging Strike
0-2: Ball
1-2: Foul Ball, location: 2F
1-2: Ball
2-2: SINGLE (Line Drive, 6MD)
Giobbe Bastedo scores
Jacob Herman to third
Jeffery Campbell to second
Runner from 3rd tries for Home, SAFE, no throw
Batting: SHB Ray Davis 0-0: Foul Ball, location: 2F
0-1: Ball
1-1: Ball
2-1: Ball
3-1: Base on Balls
Jeffery Campbell to third
Logan Cole to second
Batting: RHB Bastiaan Trommel 0-0: Ball
1-0: Called Strike
1-1: Ball
2-1: Foul Ball, location: 2F
2-2: Grounds into fielders choice 1-2 (Groundball, 13S)
Logan Cole to third
Ray Davis to second
Batting: SHB Silas Floyd 0-0: Swinging Strike
0-1: Swinging Strike
0-2: Strikes out swinging
Bottom of the 5th over - 4 runs, 4 hits, 0 errors, 3 left on base; Richland 2 - Mercer Island 9
TOP OF THE 6TH
Richland Rails batting - Pitching for Mercer Island Screaming Eagles : LHP Mario López
Batting: RHB Scott Ramsey 0-0: Fly out, F7 (Flyball, 7S)
Batting: SHB Jorge Colón 0-0: Called Strike
0-1: Ball
1-1: Foul Ball, location: 2F
1-2: Ground out U3 (Groundball, 3L)
Batting: LHB Orlando Casillas 0-0: Swinging Strike
0-1: Ball
1-1: SINGLE (Line Drive, 89S)
Pitching: RHP Sima Babic
Batting: RHB Leon Carlisle 0-0: Called Strike
Orlando Casillas steals 2nd base
0-1: Foul Ball, location: 2F
0-2: Ball
1-2: Foul Ball, location: 2F
1-2: Strikes out swinging
Top of the 6th over - 0 runs, 1 hit, 0 errors, 1 left on base; Richland 2 - Mercer Island 9
BOTTOM OF THE 6TH
Mercer Island Screaming Eagles batting - Pitching for Richland Rails : LHP Matt Crowley
Batting: LHB Jorge Pérez 0-0: SINGLE (Line Drive, 89S)
Batting: RHB Giobbe Bastedo 0-0: Ball
1-0: Called Strike
1-1: Foul Ball, location: 2F
1-2: Ball
2-2: Fly out, F8 (Line Drive, 8LD)
Batting: RHB Stanley van de Ven 0-0: Called Strike
0-1: Ball
1-1: Swinging Strike
1-2: Foul Ball, location: 2F
1-2: Fly out, F8 (Flyball, 8RD)
Batting: LHB Jacob Herman 0-0: Foul Ball, location: 2F
0-1: Ball
1-1: Foul Ball, location: 2F
1-2: SINGLE (Line Drive, 8LS)
Jorge Pérez to second
Batting: RHB Jeffery Campbell 0-0: SINGLE (Groundball, 6MD)
Jorge Pérez to third
Jacob Herman to second
Runner from 3rd tries for Home, SAFE, no throw
Pitching: LHP Bart Gresham
Batting: RHB Logan Cole 0-0: Called Strike
0-1: Ball
1-1: Ball
2-1: Ball
3-1: 3-RUN HOME RUN (Flyball, 7LD), Distance : 356 ft
Batting: SHB Ray Davis 0-0: Ball
1-0: Ball
2-0: Foul Ball, location: 2F
2-1: Foul Ball, location: 2F
2-2: Ball
3-2: DOUBLE (Flyball, 8RXD)
Batting: RHB Bastiaan Trommel 0-0: Foul Ball, location: 2F
0-1: Swinging Strike
0-2: Ground out 1-3 (Groundball, 13)
Bottom of the 6th over - 4 runs, 5 hits, 0 errors, 1 left on base; Richland 2 - Mercer Island 13
TOP OF THE 7TH
Richland Rails batting - Pitching for Mercer Island Screaming Eagles : RHP Sima Babic
Batting: LHB Alistair Mix 0-0: Called Strike
0-1: Swinging Strike
0-2: Foul Ball, location: 2F
0-2: Ball
1-2: Ball
2-2: Foul Ball, location: 2F
2-2: Ball
3-2: Fly out, F9 (Flyball, 89M)
Batting: RHB León Preciado 0-0: Ball
1-0: Ball
2-0: Ball
3-0: Called Strike
3-1: Fly out, F8 (Flyball, 8RS)
Batting: RHB Christian Gentry 0-0: Ball
1-0: Fly out, F4 (Line Drive, 4)
Top of the 7th over - 0 runs, 0 hits, 0 errors, 0 left on base; Richland 2 - Mercer Island 13
BOTTOM OF THE 7TH
Mercer Island Screaming Eagles batting - Pitching for Richland Rails : LHP Bart Gresham
Batting: SHB Silas Floyd 0-0: Called Strike
0-1: Swinging Strike
0-2: SINGLE (Flyball, 89S)
Batting: LHB Jorge Pérez 0-0: Ball
1-0: 2-RUN HOME RUN (Flyball, 78XD), Distance : 433 ft
Batting: RHB Giobbe Bastedo 0-0: Ball
1-0: Ground out 5-3 (Groundball, 56)
Batting: RHB Stanley van de Ven 0-0: Swinging Strike
0-1: Foul Ball, location: 2F
0-2: Fly out, F5 (Popup, 5F)
Batting: LHB Jacob Herman 0-0: Ball
1-0: Called Strike
1-1: Foul Ball, location: 2F
1-2: Strikes out swinging
Bottom of the 7th over - 2 runs, 2 hits, 0 errors, 0 left on base; Richland 2 - Mercer Island 15
TOP OF THE 8TH
Richland Rails batting - Pitching for Mercer Island Screaming Eagles : RHP Sima Babic
Batting: RHB Michael Bradshaw 0-0: Foul Ball, location: 2F
0-1: Ball
1-1: Called Strike
1-2: Ground out 1-3 (Groundball, 13)
Batting: RHB Alexandre Keeping 0-0: Ball
1-0: Ball
2-0: Foul Ball, location: 2F
2-1: Ball
3-1: Base on Balls
Batting: RHB Scott Ramsey 0-0: Called Strike
0-1: Swinging Strike
0-2: Ball
1-2: Ball
2-2: SINGLE (Line Drive, 56D)
Alexandre Keeping to second
Batting: SHB Jorge Colón 0-0: Called Strike
0-1: Fly out, F6 (Popup, 6MS)
Batting: LHB Orlando Casillas 0-0: Ball
1-0: Ball
2-0: Ground out 4-3 (Groundball, 4)
Top of the 8th over - 0 runs, 1 hit, 0 errors, 2 left on base; Richland 2 - Mercer Island 15
BOTTOM OF THE 8TH
Mercer Island Screaming Eagles batting - Pitching for Richland Rails : LHP Bart Gresham
Batting: RHB Jeffery Campbell 0-0: Foul Ball, location: 2F
0-1: Foul Ball, location: 2F
0-2: Fly out, F9 (Flyball, 9S)
Batting: RHB Logan Cole 0-0: Foul Ball, location: 2F
0-1: Called Strike
0-2: Ball
1-2: SINGLE (Line Drive, 78S)
Batting: SHB Ray Davis 0-0: Called Strike
0-1: Foul Ball, location: 2F
0-2: SINGLE (Groundball, 4D)
Logan Cole to second
Runner from 2nd tries for 3rd, SAFE, no throw
Pitching: RHP Miguel Hernández
Batting: RHB Bastiaan Trommel 0-0: Foul Ball, location: 2F
0-1: Foul Ball, location: 2F
0-2: Ball
1-2: SINGLE (Groundball, 34D)
Logan Cole scores
Ray Davis to second
Runner from 2nd tries for 3rd, SAFE, throw made to third
Batting: SHB Silas Floyd 0-0: Called Strike
0-1: Ball
1-1: Ball
2-1: Ball
3-1: Base on Balls
Bastiaan Trommel to second
Batting: LHB Jorge Pérez 0-0: Ball
1-0: Ball
2-0: Called Strike
2-1: Ball
3-1: Called Strike
3-2: Grounds into fielders choice 1-2 (Groundball, 13S)
Bastiaan Trommel to third
Silas Floyd to second
Batting: RHB Giobbe Bastedo 0-0: Called Strike
0-1: Foul Ball, location: 2F
0-2: Ball
1-2: Ball
2-2: Fly out, F5 (Line Drive, 5S)
Bottom of the 8th over - 1 run, 3 hits, 0 errors, 3 left on base; Richland 2 - Mercer Island 16
TOP OF THE 9TH
Richland Rails batting - Pitching for Mercer Island Screaming Eagles : RHP Sima Babic
Batting: RHB Leon Carlisle 0-0: Ball
1-0: Ball
2-0: Called Strike
2-1: Reached on error, E5 (Groundball, 56S)
Batting: LHB Alistair Mix 0-0: Ball
1-0: Ball
2-0: Called Strike
2-1: Called Strike
2-2: Strikes out looking
Batting: RHB León Preciado 0-0: Called Strike
0-1: Fly out, F8 (Flyball, 8RM)
Batting: RHB Christian Gentry 0-0: Ball
1-0: Called Strike
1-1: Called Strike
1-2: SINGLE (Line Drive, 34)
Leon Carlisle to second
Batting: RHB Michael Bradshaw 0-0: Called Strike
0-1: Foul Ball, location: 2F
0-2: Ball
1-2: Foul Ball, location: 2F
1-2: Ball
2-2: Ground out 6-3 (Groundball, 6)
Top of the 9th over - 0 runs, 1 hit, 1 error, 2 left on base; Richland 2 - Mercer Island 16
Tuesday, December 19th, 2017 - OOTP Baseball 18.8 Build 76